 Dungeon Crawl Stone Soup version 0.19-b1-5-gdc9fa9d (webtiles) character file.

184262 Mesmaeker13 the Devastator (level 17, 0/112 HPs)
             Began as a Deep Elf Conjurer on Oct 30, 2016.
             Was a High Priest of Sif Muna.
             Slain by a ghost moth (18 damage)
             ... on level 3 of the Spider Nest on Oct 31, 2016.
             The game lasted 03:13:29 (49747 turns).

Mesmaeker13 the Devastator (Deep Elf Conjurer)     Turns: 49747, Time: 03:13:29

Health: 0/112      AC: 11    Str:  6 (8)  XL:     17   Next: 77%
Magic:  5/56       EV: 21    Int: 35      God:    Sif Muna [*****.]
Gold:   2635       SH:  0    Dex: 14 (15) Spells: 9 memorised, 11 levels left

rFire  + + +     SeeInvis .     B - +7 scimitar of the Coin {slice, rF+ MR++}
rCold  + . .     Gourm    .     O - +1 robe "Roucsie" {rElec rPois rF+ MR+ Stlth-}
rNeg   + . .     Faith    .     j - +5 shield "Jocvomot" {rC+ MP+9 Int+10 Stlth-}
rPois  +         Spirit   .     z - +2 helmet
rElec  +         Reflect  +     C - +0 cloak
rCorr  .         Harm     .     m - +0 pair of gloves
MR     ++++.                    u - +2 pair of boots
Stlth  ..........               A - +3 amulet of reflection
                                o - ring of Xom's Absentmindedness {+Blink rF+ rN+}
                                y - ring of magical power

@: confused, about to teleport, repel missiles
A: robust 1
a: Divine Energy, Channel Magic, Forget Spell, Renounce Religion, Evoke Blink


You were on level 3 of the Spider Nest.
You worshipped Sif Muna.
Sif Muna was extremely pleased with you.
You were not hungry.

You visited 7 branches of the dungeon, and saw 32 of its levels.
You also visited: Ice Cave.

You collected 3296 gold pieces.
You spent 661 gold pieces at shops.

Inventory:

Hand Weapons
 x - a +2 demon trident of pain
 B - the +7 scimitar of the Coin (weapon) {slice, rF+ MR++}
   (You found it on level 14 of the Dungeon)

   It inflicts extra damage upon your enemies.
   It protects you from fire.
   It affects your resistance to hostile enchantments.
Armour
 j - the +5 shield "Jocvomot" (worn) {rC+ MP+9 Int+10 Stlth-}
   (You found it on level 12 of the Dungeon)

   It affects your intelligence (+10).
   It protects you from cold.
   It affects your magic capacity (+9).
   It makes you less stealthy.
 m - a +0 pair of gloves (worn)
 u - a +2 pair of boots (worn)
 z - a +2 helmet (worn)
 C - a +0 cloak (worn)
 O - the +1 robe "Roucsie" (worn) {rElec rPois rF+ MR+ Stlth-}
   (You took it off an efreet on level 15 of the Dungeon)

   It protects you from fire.
   It insulates you from electricity.
   It protects you from poison.
   It affects your resistance to hostile enchantments.
   It makes you less stealthy.
Jewellery
 k - an uncursed amulet of regeneration
 o - the ring of Xom's Absentmindedness (right hand) {+Blink rF+ rN+}
   (You acquired it on level 13 of the Dungeon)

   [ring of positive energy]

   It protects you from fire.
   It protects you from negative energy.
   It lets you blink.
 y - a ring of magical power (left hand)
 A - a +3 amulet of reflection (around neck)
 G - an uncursed ring of magical power
Wands
 b - a wand of digging (9/24)
 h - a wand of teleportation (5/9)
 r - a wand of iceblast (9/15)
 L - a wand of polymorph (14/24)
Scrolls
 e - 2 scrolls of silence
 f - 8 scrolls of magic mapping
 p - 8 scrolls of remove curse
 q - 3 scrolls of blinking
 D - 4 scrolls of fog
 N - 5 scrolls of teleportation
Potions
 a - 3 potions of flight
 d - 3 potions of resistance
 g - 3 potions of lignification
 i - 3 potions of might
 n - 4 potions of brilliance
 s - 4 potions of ambrosia
 E - a potion of invisibility
 H - a potion of agility
 I - 2 potions of cure mutation
Books
 t - Sif Muna's Tome of Helpful Confrontation
   (Sif Muna gifted it to you on level 1 of the Spider Nest)

   Spells                             Type                      Level
   a - Flame Tongue                   Conjuration/Fire             1
   b - Ozocubu's Armour               Charms/Ice                   3
   c - Venom Bolt                     Conjuration/Poison           5
   d - Fire Storm                     Conjuration/Fire             9
 w - Sumpari's Grimoire of Aerial Transformation
   (Sif Muna gifted it to you on level 4 of the Spider Nest)

   Spells                             Type                      Level
   a - Static Discharge               Conjuration/Air              3
   b - Airstrike                      Air                          4
   c - Summon Lightning Spire         Summoning/Air                4
   d - Lightning Bolt                 Conjuration/Air              5
   e - Yara's Violent Unravelling     Hexes/Transmutation          5
   f - Deflect Missiles               Charms/Air                   6
   g - Hydra Form                     Transmutation                6
 J - a Young Poisoner's Handbook

   Spells                             Type                      Level
   a - Sting                          Conjuration/Poison           1
   b - Mephitic Cloud                 Conjuration/Poison/Air       3
   c - Olgreb's Toxic Radiance        Poison                       4
   d - Alistair's Intoxication        Transmutation/Poison         5
   e - Venom Bolt                     Conjuration/Poison           5
 K - Roxanne's Papyrus of Transmutation
   (You took it off Roxanne on level 4 of the Spider Nest)

   Spells                             Type                      Level
   a - Beastly Appendage              Transmutation                1
   b - Spider Form                    Transmutation/Poison         3
   c - Ice Form                       Ice/Transmutation            4
   d - Irradiate                      Conjuration/Transmutation    5
   e - Statue Form                    Transmutation/Earth          6
Comestibles
 c - 3 bread rations
 l - 2 beef jerkies
 M - a chunk of flesh
 P - a meat ration
 R - a royal jelly


   Skills:
 - Level 10.0 Fighting
 + Level 14.3 Dodging
 - Level 2.4 Stealth
 + Level 10.0 Shields
 - Level 15.3 Spellcasting
 + Level 17.9 Conjurations
 - Level 7.2 Hexes
 - Level 10.0 Charms
 + Level 11.7 Fire Magic
 - Level 9.0 Invocations


You had 11 spell levels left.
You knew the following spells:

 Your Spells              Type           Power        Failure   Level  Hunger
a - Regeneration          Chrm/Necr      ######....   1%          3    None
b - Bolt of Fire          Conj/Fire      #######...   1%          6    #......
c - Iskenderun's Mystic   Conj           ########     1%          4    None
d - Dazzling Spray        Conj/Hex       ######       1%          3    None
e - Fulminant Prism       Conj/Hex       #######...   1%          4    None
f - Iskenderun's Battles  Conj/Chrm      #######.     1%          5    None
g - Confuse               Hex            ######..     1%          3    None
h - Fireball              Conj/Fire      #######...   1%          5    None
i - Repel Missiles        Chrm/Air       ######       1%          2    None


Dungeon Overview and Level Annotations

Branches:
Dungeon (15/15)            Temple (1/1) D:6            Lair (6/6) D:9
 Shoals (3/4) Lair:2       Spider (4/4) Lair:2        Slime (0/5) Lair:6
    Orc (2/2) D:10            Elf (0/3) Orc:2        Vaults (0/5) D:14
 Depths (1/5) D:15

Altars:
Ashenzari
Cheibriados
Dithmenos
Elyvilon
Fedhas
Gozag
Hepliaklqana
Kikubaaqudgha
Makhleb
Nemelex Xobeh
Okawaru
Qazlal
Ru
Sif Muna
Trog
Uskayaw
Vehumet
Xom
Yredelemnul
Zin
The Shining One
Beogh
Jiyva

Shops:
D:12 *   D:13 (   D:15 [   Orc:2 =*[*   Shoals:1 }

Annotations:
D:9 1 runed door
Lair:6 1 runed door


Innate Abilities, Weirdness & Mutations

You are robust. (+10% HP)


Message History

Something hits you but does no damage. Something hits you!
You feel clumsy.
Something stings you but does no damage.
As you read the scroll of teleportation, it crumbles to dust.
You feel strangely unstable. The redback barely misses you. Something hits you!
You feel weakened. You block something's attack.
Something stings you but does no damage.
The redback bites you but does no damage.
You feel you are being watched by something.
Something hits you!
* * * LOW HITPOINT WARNING * * *
Something hits you!
* * * LOW HITPOINT WARNING * * *
Something stings you.
* * * LOW HITPOINT WARNING * * *
You are confused.
You feel invigorated. The redback completely misses you.
Something barely misses you. Something hits you!!
You die...

#...###...#..###......##
...##..#..###.#.......#
..#..#.###.#..#.......##
..#.###.#..#..#.....^..#
.###.#..#..#..#^..#....#
#.^#..##...#..#........#
#...###...#.^#.....>..##
.#....#.^#...#.s....###
..#..^.##.^^#...@...#
...#####....#..#..^.#
#....(^#..##........#
.##..^..##.........##
...######........#≈#
..^...[^#^........≈#
.)......^^.........##
.......^...^........#
.....#..^..^.....^.##


You could see a redback.

Vanquished Creatures
  Polyphemus (Shoals:3)
  The ghost of cedor the Bludgeoner, an adept MiFi of Uskayaw (Shoals:2)
  Roxanne (Spider:4)
  2 emperor scorpions
  An orc warlord (D:10)
  A stone giant (Orc:1)
  3 entropy weavers
  A dire elephant (Lair:6)
  A merfolk javelineer (Shoals:3)
  Snorg (Lair:2)
  3 merfolk impalers
  Harold (Orc:1)
  8 hydras
  Fannar (Lair:1)
  3 merfolk avatars
  A merfolk aquamancer (Shoals:2)
  2 catoblepae
  A death knight (D:15)
  2 satyrs
  An ogre mage (D:15)
  A deep troll shaman (Lair:6)
  5 death yaks (Lair:6)
  5 orc high priests
  Urug (Lair:4)
  Nergalle (Orc:1)
  Sonja (Lair:1)
  2 skeletal warriors (D:15)
  5 slime creatures
  An unseen horror (D:15)
  9 sea snakes
  2 wizards
  3 orc knights
  18 hill giants
  A phantasmal warrior (D:15)
  12 harpies
  2 necromancers
  34 wolf spiders
  16 orb spiders
  5 orc sorcerers
  A deep elf mage (D:14)
  7 cyclopes
  9 manticores
  2 moths of wrath (Spider:2)
  11 fauns
  27 elephants
  4 sirens
  6 ugly things
  Maurice (D:9)
  A centaur zombie (D:15)
  8 black mambas
  2 ice statues (IceCv)
  13 spiny frogs
  A torpor snail (Spider:2)
  2 water nymphs
  7 rime drakes
  A yaktaur zombie (D:15)
  2 gargoyles (D:12)
  An efreet (D:15)
  8 ice devils (IceCv)
  6 komodo dragons
  12 demonic crawlers
  A freezing wraith (D:15)
  11 merfolk
  27 jumping spiders
  8 trolls
  2 polar bears
  5 dream sheep
  A wind drake (shapeshifter) (D:15)
  3 two-headed ogres (D:15)
  19 blink frogs
  7 hornets
  A deep troll zombie (D:15)
  6 wind drakes
  A meliai zombie (D:15)
  9 hippogriffs
  5 snapping turtles
  Sigmund (D:4)
  2 vampires
  37 tarantellas
  62 redbacks
  A fire dragon skeleton (D:15)
  31 yaks
  A deep troll skeleton (D:15)
  2 wyverns
  4 water elementals
  3 wraiths (D:15)
  4 hungry ghosts
  A basilisk (Lair:4)
  3 steam dragons
  4 vampire mosquitoes (D:14)
  2 mottled dragons
  8 wargs
  15 water moccasins
  4 soldier ants
  15 porcupines
  A hornet zombie (D:14)
  3 sky beasts
  4 phantoms
  3 ice beasts
  A black bear (Lair:6)
  26 orc warriors
  11 ogres
  5 centaurs
  11 wolves
  12 crocodiles
  3 big kobolds (D:8)
  21 bullfrogs
  A wyvern skeleton (D:13)
  5 scorpions
  19 killer bees
  17 wights
  2 electric eels (Spider:3)
  4 howler monkeys
  6 crimson imps
  3 bullfrog zombies
  4 hounds
  27 orc priests
  4 bullfrog skeletons
  2 centaur skeletons
  A gnoll shaman (D:5)
  3 jellies
  6 iguanas
  21 orc wizards
  Natasha (thrice) (D:3)
  13 worker ants
  A hound skeleton (D:6)
  2 worker ant zombies
  23 gnolls
  14 adders
  3 shadow imps
  8 white imps (IceCv)
  7 ufetubi (IceCv)
  4 oozes
  4 adder zombies
  An adder skeleton (D:7)
  A dart slug (D:1)
  6 leopard geckos
  75 orcs
  4 bats
  A bat zombie (D:2)
  4 giant cockroaches
  9 goblins
  11 hobgoblins
  3 jackals (D:3)
  4 kobolds
  3 quokkas
  2 ball pythons
  6 frilled lizards
  3 jackal skeletons
  A quokka skeleton (D:9)
  10 rats
  2 fungi
  A plant (Lair:6)
  A withered plant (D:15)
1054 creatures vanquished.

Vanquished Creatures (collateral kills)
  3 death yaks (Shoals:3)
  A dream sheep (Shoals:3)
4 creatures vanquished.

Vanquished Creatures (others)
  A reaper (IceCv)
  Nessos (D:13)
  2 fauns
  A centaur (D:13)
  A gnoll (D:13)
  7 ufetubi (IceCv)
  An orc (Orc:1)
  A bush (Lair:6)
  153 fulminant prisms
  11 fungi
  17 plants
  2 tentacles (Shoals:3)
  7 withered plants (D:15)
205 creatures vanquished.

Grand Total: 1263 creatures vanquished

Notes
Turn   | Place    | Note
-------+----------+-------------------------------------------
     0 | D:1      | Mesmaeker13 the Deep Elf Conjurer began the quest for the Orb.
     0 | D:1      | Reached XP level 1. HP: 10/10 MP: 6/6
   324 | D:1      | Reached XP level 2. HP: 15/15 MP: 2/8
   629 | D:1      | Reached skill level 5 in Conjurations
   629 | D:1      | Reached XP level 3. HP: 15/19 MP: 0/10
  1013 | D:2      | Learned a level 2 spell: Searing Ray
  1855 | D:2      | Reached XP level 4. HP: 24/24 MP: 8/12
  1872 | D:2      | Reached skill level 5 in Spellcasting
  2358 | D:3      | Reached XP level 5. HP: 23/28 MP: 8/14
  2628 | D:3      | Reached skill level 6 in Conjurations
  2754 | D:3      | Noticed Natasha
  2803 | D:3      | Killed Natasha
  2845 | D:3      | Noticed Natasha
  2851 | D:3      | Killed Natasha
  2959 | D:3      | Noticed Natasha
  2961 | D:3      | Killed Natasha
  2961 | D:3      | Reached XP level 6. HP: 32/32 MP: 13/17
  3081 | D:3      | Learned a level 4 spell: Iskenderun's Mystic Blast
  3545 | D:4      | Reached skill level 7 in Conjurations
  3947 | D:4      | Found a shimmering altar of Xom.
  4030 | D:4      | Reached XP level 7. HP: 36/36 MP: 14/18
  4167 | D:4      | Noticed Sigmund
  4173 | D:4      | Killed Sigmund
  4173 | D:4      | Reached skill level 5 in Dodging
  4554 | D:5      | Entered Level 5 of the Dungeon
  4584 | D:5      | Reached skill level 8 in Conjurations
  4691 | D:5      | Learned a level 3 spell: Dazzling Spray
  4740 | D:5      | Reached skill level 1 in Hexes
  5024 | D:5      | Reached XP level 8. HP: 41/41 MP: 1/19
  5363 | D:5      | Found a sacrificial altar of Ru.
  5549 | D:5      | Learned a level 4 spell: Fulminant Prism
  6875 | D:6      | Found a glowing golden altar of the Shining One.
  6890 | D:6      | Found a staircase to the Ecumenical Temple.
  6933 | Temple   | Entered the Ecumenical Temple
  7101 | Temple   | Became a worshipper of Sif Muna the Loreminder
  7178 | D:6      | Found a hazy altar of Hepliaklqana.
  7186 | D:6      | Found a sparkling altar of Nemelex Xobeh.
  7322 | D:6      | Reached skill level 1 in Fighting
  7367 | D:6      | Reached skill level 9 in Conjurations
  7451 | D:6      | Learned a level 5 spell: Iskenderun's Battlesphere
  7502 | D:6      | Reached skill level 1 in Charms
  7854 | D:7      | Reached XP level 9. HP: 46/48 MP: 6/22
  8209 | D:7      | Reached skill level 5 in Hexes
  8231 | D:7      | Found a blossoming altar of Fedhas.
  8285 | D:7      | Reached * piety under Sif Muna
  8783 | D:8      | Noticed a five-headed hydra
  9285 | D:8      | Got a polished quarterstaff
  9288 | D:8      | Identified the +5 quarterstaff of Gallantry {freeze, rF+ Int+2} (You found it on level 8 of the Dungeon)
  9348 | D:8      | Reached skill level 5 in Charms
  9824 | D:8      | Killed a five-headed hydra
  9824 | D:8      | Reached ** piety under Sif Muna
  9824 | D:8      | Reached XP level 10. HP: 57/57 MP: 8/25
 10302 | D:8      | Reached skill level 1 in Invocations
 10430 | D:8      | Noticed a three-headed hydra
 10436 | D:8      | Killed a three-headed hydra
 10830 | D:9      | Found a runed door.
 10833 | D:9      | Found a runed gate.
 10841 | D:9      | Found a runed gate.
 10841 | D:9      | Found a runed gate.
 10960 | D:9      | Found a runed door.
 11062 | D:9      | Reached skill level 5 in Fighting
 11062 | D:9      | Reached skill level 10 in Spellcasting
 11105 | D:9      | Noticed an elephant
 11113 | D:9      | Killed an elephant
 11245 | D:9      | Found a staircase to the Lair.
 11255 | D:9      | Got a warped shortbow
 11379 | D:9      | Reached skill level 10 in Conjurations
 12150 | D:9      | Gained mutation: You have sharp toenails. [potion of beneficial mutation]
 12159 | D:9      | Reached XP level 11. HP: 61/64 MP: 19/27
 12178 | D:9      | Reached *** piety under Sif Muna
 12210 | D:9      | Identified the +6 shortbow "Cosewoxt" {freeze, -Tele rPois Str+9 Int-4} (You found it on level 9 of the Dungeon)
 12249 | D:10     | Entered Level 10 of the Dungeon
 12302 | D:10     | Found a staircase to the Orcish Mines.
 12354 | D:10     | Noticed a hill giant
 12360 | D:10     | Killed a hill giant
 12888 | D:10     | Noticed Maurice
 13068 | D:9      | Killed Maurice
 13340 | Lair:1   | Entered Level 1 of the Lair of Beasts
 13490 | Lair:1   | Learned a level 3 spell: Confuse
 13520 | Lair:1   | Noticed Fannar
 13868 | Lair:2   | Found a hole to the Spider Nest.
 13868 | Lair:2   | Noticed an orb spider
 13875 | Lair:2   | Killed an orb spider
 13915 | Lair:2   | Reached skill level 5 in Invocations
 14113 | Lair:2   | Reached skill level 10 in Charms
 14269 | Lair:2   | Reached **** piety under Sif Muna
 14273 | Lair:2   | Reached skill level 11 in Conjurations
 14516 | Lair:2   | Found a staircase to the Shoals.
 15090 | Lair:1   | Noticed Sonja
 15095 | Lair:1   | Killed Sonja
 15179 | Lair:1   | Reached XP level 12. HP: 71/71 MP: 21/30
 15591 | Lair:1   | Killed Fannar
 15607 | Lair:1   | Identified a +0 rod of inaccuracy (14/14) (You found it on level 1 of the Lair of Beasts)
 16670 | Lair:3   | Noticed Snorg
 16903 | Lair:2   | Killed Snorg
 17101 | Lair:3   | Reached ***** piety under Sif Muna
 17101 | Lair:3   | Identified Sif Muna's Almanac of Execration (Sif Muna gifted it to you on level 3 of the Lair of Beasts)
 17101 | Lair:3   | Received a gift from Sif Muna
 17122 | Lair:3   | Noticed a five-headed hydra
 17127 | Lair:3   | Killed a five-headed hydra
 17790 | Lair:3   | Reached skill level 12 in Conjurations
 18224 | Lair:4   | Noticed Urug
 18277 | Lair:4   | Killed Urug
 18785 | Lair:4   | Noticed a five-headed hydra
 18787 | Lair:4   | Killed a five-headed hydra
 19265 | Lair:4   | Reached XP level 13. HP: 78/78 MP: 5/32
 19743 | Lair:5   | Got a scorched trident
 20028 | Lair:5   | Identified Sif Muna's Catalogue of Toxins and the Blaze (Sif Muna gifted it to you on level 5 of the Lair of Beasts)
 20028 | Lair:5   | Received a gift from Sif Muna
 20035 | Lair:5   | Learned a level 5 spell: Fireball
 20056 | Lair:5   | Reached skill level 1 in Fire Magic
 20434 | Lair:5   | Found a burning altar of Makhleb.
 20510 | Lair:5   | Reached skill level 13 in Conjurations
 20962 | Lair:6   | Entered Level 6 of the Lair of Beasts
 21096 | Lair:6   | Found an opulent altar of Gozag.
 21163 | Lair:6   | Reached skill level 10 in Dodging
 21816 | Lair:6   | Reached XP level 14. HP: 62/86 MP: 10/33
 22056 | Lair:6   | Found a runed door.
 22058 | Lair:6   | Found a viscous altar of Jiyva.
 22058 | Lair:6   | Noticed an azure jelly
 22058 | Lair:6   | Noticed an azure jelly
 22059 | Lair:6   | Found a staircase to the Slime Pits.
 22059 | Lair:6   | Noticed an azure jelly
 22059 | Lair:6   | Noticed an azure jelly
 22712 | Lair:6   | Identified Sif Muna's Guide on Evil (Sif Muna gifted it to you on level 6 of the Lair of Beasts)
 22712 | Lair:6   | Received a gift from Sif Muna
 22712 | Lair:6   | Reached skill level 5 in Fire Magic
 23436 | Lair:1   | Identified the +4 trident of Exquisite Torment {freeze, *Slow rC+ MR+} (You found it on level 5 of the Lair of Beasts)
 23493 | Lair:1   | Gained mutation: Your flesh is heat resistant. (rF+) [potion of mutation]
 23493 | Lair:1   | Gained mutation: Your magical capacity is low. (-10% MP) [potion of mutation]
 23493 | Lair:1   | Gained mutation: You have a pair of small antennae on your head. [potion of mutation]
 23494 | Lair:1   | Lost mutation: Your magical capacity is low. (-10% MP) [potion of cure mutation]
 23494 | Lair:1   | Lost mutation: You have sharp toenails. [potion of cure mutation]
 23494 | Lair:1   | Lost mutation: Your flesh is heat resistant. (rF+) [potion of cure mutation]
 23494 | Lair:1   | Lost mutation: You have a pair of small antennae on your head. [potion of cure mutation]
 23495 | Lair:1   | Gained mutation: You have a pair of small horns on your head. [potion of mutation]
 23495 | Lair:1   | Gained mutation: You occasionally shout uncontrollably at your foes. [potion of mutation]
 23495 | Lair:1   | Lost mutation: You have a pair of small horns on your head. [potion of mutation]
 23496 | Lair:1   | Lost mutation: You occasionally shout uncontrollably at your foes. [potion of cure mutation]
 24428 | D:12     | Got a slimy shield
 24484 | D:12     | Found Foejurao's Pet Rocks.
 24929 | D:12     | Identified the +5 shield "Jocvomot" {rC+ MP+9 Int+10 Stlth-} (You found it on level 12 of the Dungeon)
 25015 | Lair:1   | Gained mutation: You are robust. (+10% HP) [potion of beneficial mutation]
 25032 | Lair:1   | Upgraded the game from 0.19-b1-4-gd8a0a2a to 0.19-b1-5-gdc9fa9d
 25079 | Orc:1    | Entered Level 1 of the Orcish Mines
 25079 | Orc:1    | Noticed Harold
 25079 | Orc:1    | Noticed an orc warlord
 25419 | D:10     | Killed an orc warlord
 25542 | D:10     | Reached skill level 1 in Shields
 25681 | Orc:1    | Reached skill level 14 in Conjurations
 25750 | Orc:1    | Killed Harold
 26306 | Orc:1    | Noticed Nergalle
 26313 | Orc:1    | Killed Nergalle
 26430 | Orc:1    | Reached skill level 10 in Fighting
 26940 | Orc:1    | Noticed a stone giant
 26976 | Orc:1    | Killed a stone giant
 27305 | Orc:2    | Entered Level 2 of the Orcish Mines
 27368 | Orc:2    | Found a roughly hewn altar of Beogh.
 27422 | Orc:2    | Found a staircase to the Elven Halls.
 27718 | Orc:2    | Reached XP level 15. HP: 90/101 MP: 13/34
 27728 | Orc:2    | Identified Sif Muna's Compendium of Floating Heat (Sif Muna gifted it to you on level 2 of the Orcish Mines)
 27728 | Orc:2    | Received a gift from Sif Muna
 28207 | Orc:2    | Found Ganlot's Antique Armour Boutique.
 28207 | Orc:2    | Found Pimmudaeb's Assorted Antiques.
 28207 | Orc:2    | Found Wesoplax's General Store.
 28210 | Orc:2    | Found Foj Kid's Jewellery Shop.
 28219 | Orc:2    | Bought a potion of brilliance for 64 gold pieces
 28219 | Orc:2    | Bought a potion of brilliance for 64 gold pieces
 28219 | Orc:2    | Bought a potion of curing for 48 gold pieces
 28222 | Orc:2    | Bought a scroll labeled FEXUCE RESOM for 31 gold pieces
 28222 | Orc:2    | Bought a scroll of identify for 62 gold pieces
 28222 | Orc:2    | Bought a scroll of identify for 62 gold pieces
 28230 | Orc:2    | Bought an uncursed amulet of regeneration for 330 gold pieces
 28522 | Lair:1   | Learned a level 6 spell: Bolt of Fire
 28529 | Lair:1   | Learned a level 6 spell: Deflect Missiles
 28761 | D:13     | Found a frozen archway.
 28771 | D:13     | Noticed Nessos
 28775 | D:13     | Killed Nessos
 28796 | IceCv    | Entered an ice cave
 29384 | IceCv    | Reached skill level 15 in Conjurations
 30431 | D:13     | Found Kiumol's Weapon Shoppe.
 31040 | D:13     | Identified a scroll of acquirement
 31043 | D:13     | Got a transparent glass ring
 31045 | D:13     | Identified the ring of Xom's Absentmindedness {+Blink rF+ rN+} (You acquired it on level 13 of the Dungeon)
 31371 | D:14     | Reached skill level 5 in Shields
 32083 | D:14     | Got a slimy scimitar
 32350 | D:14     | Found a gate to the Vaults.
 32473 | D:15     | Entered Level 15 of the Dungeon
 32717 | D:15     | Got a tattered robe
 33318 | D:15     | Got a bloodstained whip
 33430 | D:15     | Found a staircase to the Depths.
 33634 | D:15     | Reached skill level 10 in Fire Magic
 34410 | D:15     | Found Bykoluri's Antique Armour Boutique.
 35225 | Depths:1 | Entered Level 1 of the Depths
 35347 | Lair:1   | Identified the +1 robe "Roucsie" {rElec rPois rF+ MR+ Stlth-} (You took it off an efreet on level 15 of the Dungeon)
 35347 | Lair:1   | Identified the +7 scimitar of the Coin {slice, rF+ MR++} (You found it on level 14 of the Dungeon)
 35348 | Lair:1   | Identified the +11 whip of Salt {flame, +Inv Str+2} (You found it on level 15 of the Dungeon)
 35385 | Lair:1   | Learned a level 2 spell: Repel Missiles
 35466 | Shoals:1 | Entered Level 1 of the Shoals
 35899 | Shoals:1 | Learned a level 3 spell: Regeneration
 36211 | Lair:1   | Learned a level 6 spell: Bolt of Fire
 36381 | Shoals:1 | Found Heapsikh's Gadget Emporium.
 36399 | Shoals:1 | Reached skill level 16 in Conjurations
 36437 | Shoals:1 | Reached XP level 16. HP: 73/106 MP: 25/35
 37137 | Shoals:2 | Noticed cedor's ghost (adept MiFi)
 37144 | Shoals:2 | Killed cedor's ghost
 39562 | Shoals:3 | Noticed Polyphemus
 39568 | Shoals:3 | Killed Polyphemus
 39801 | Shoals:3 | Noticed a kraken
 39808 | Shoals:3 | Reached skill level 17 in Conjurations
 39984 | Spider:1 | Entered Level 1 of the Spider Nest
 41134 | Spider:1 | Identified Sif Muna's Tome of Helpful Confrontation (Sif Muna gifted it to you on level 1 of the Spider Nest)
 41134 | Spider:1 | Received a gift from Sif Muna
 42451 | Spider:2 | Reached XP level 17. HP: 106/112 MP: 37/37
 43108 | Spider:2 | Reached skill level 15 in Spellcasting
 46465 | Spider:4 | Entered Level 4 of the Spider Nest
 46850 | Spider:3 | Paralysed by a hornet for 3 turns
 47282 | Spider:4 | Identified Sumpari's Grimoire of Aerial Transformation (Sif Muna gifted it to you on level 4 of the Spider Nest)
 47282 | Spider:4 | Received a gift from Sif Muna
 48808 | Spider:4 | Noticed Roxanne
 48929 | Spider:4 | Killed Roxanne
 49276 | Spider:4 | Identified Roxanne's Papyrus of Transmutation (You took it off Roxanne on level 4 of the Spider Nest)
 49603 | Spider:4 | Reached skill level 10 in Shields
 49747 | Spider:3 | Slain by a ghost moth

Skill      XL: |  1  2  3  4  5  6  7  8  9 10 11 12 13 14 15 16 17 |
---------------+----------------------------------------------------+-----
Spellcasting   | 4 5 6 7 9 10 12 13 14 15 | 15.3
Conjurations   | 5 6 7 8 9 10 11 12 13 14 16 17 | 17.9
Dodging        | 3 4 6 7 8 10 11 13 14 | 14.3
Hexes          | 2 4 7 |  7.2
Fighting       | 2 4 5 6 8 9 10 | 10.0
Charms         | 2 6 8 10 | 10.0
Invocations    | 3 6 7 9 |  9.0
Fire Magic     | 4 8 10 11 | 11.7
Shields        | 4 7 8 10 | 10.0
Stealth        | |  2.4

Action                   |  1- 3 |  4- 6 |  7- 9 | 10-12 | 13-15 | 16-18 || total
-------------------------+-------+-------+-------+-------+-------+-------++-------
Melee: Club              |    12 |       |       |       |       |       ||    12
       Dagger            |       |    39 |    11 |       |       |       ||    50
       Long sword        |       |       |     4 |       |       |       ||     4
       Quarterstaff      |       |       |     1 |    49 |    55 |       ||   105
       Staff             |       |       |       |       |   284 |       ||   284
       Scimitar          |       |       |       |       |     9 |   110 ||   119
 Fire: Blowgun           |       |       |       |     1 |       |       ||     1
 Cast: Magic Dart        |    73 |    78 |   162 |   268 |   194 |       ||   775
       Searing Ray       |     3 |    11 |    43 |    21 |       |       ||    78
       Iskenderun's Myst |       |       |     7 |    37 |   151 |   141 ||   336
       Iskenderun's Batt |       |       |    13 |    66 |   100 |    54 ||   233
       Dazzling Spray    |       |       |     2 |    30 |   202 |    48 ||   282
       Fulminant Prism   |       |       |     2 |    15 |   110 |    30 ||   157
       Fireball          |       |       |       |       |    31 |    11 ||    42
       Confuse           |       |       |       |       |     3 |     1 ||     4
       Bolt of Fire      |       |       |       |       |    52 |   222 ||   274
       Regeneration      |       |       |       |       |     2 |     8 ||    10
       Repel Missiles    |       |       |       |       |     1 |     2 ||     3
Invok: Divine Energy     |       |       |       |     1 |     1 |       ||     2
       Stop Divine Energ |       |       |       |     1 |     1 |       ||     2
       Channel Magic     |       |       |       |       |    12 |     2 ||    14
       Forget Spell      |       |       |       |       |     2 |       ||     2
Evoke: Wand              |       |       |       |       |     2 |     3 ||     5
       Staff of Olgreb   |       |       |       |       |     2 |       ||     2
  Use: Scroll            |     1 |     1 |    12 |     6 |    24 |    11 ||    55
       Potion            |       |     5 |       |     7 |     8 |     9 ||    29
 Stab: Invisible         |       |       |       |     1 |     4 |     3 ||     8
       Sleeping          |       |       |       |     1 |       |       ||     1
  Eat: Chunk             |     2 |     5 |    19 |    19 |    29 |    19 ||    93
       Pizza             |       |     1 |     1 |       |       |       ||     2
       Beef jerky        |       |       |     1 |       |       |       ||     1
       Fruit             |       |       |       |     3 |       |       ||     3
       Bread ration      |       |       |       |     3 |     8 |     5 ||    16
       Meat ration       |       |       |       |       |       |     1 ||     1
Armor: Robe              |     3 |    10 |    12 |    19 |   114 |    88 ||   246
       Skin              |       |    38 |       |       |       |       ||    38
       Troll leather arm |       |       |       |    12 |       |       ||    12
Dodge: Dodged            |    20 |    35 |    59 |   174 |   401 |   370 ||  1059
       Deflected         |       |       |       |       |     2 |    17 ||    19
Block: Other             |       |       |    10 |    27 |       |       ||    37
       Reflection        |       |       |     1 |     2 |    29 |    37 ||    69
       Shield            |       |       |       |       |   346 |   462 ||   808
       Rpst.: Long sword |       |       |     4 |       |       |       ||     4
       Scimitar          |       |       |       |       |     2 |    60 ||    62
